SNL (28 & UNDER)
WEST VIRGINIA POWER @ SALEM SILVER SOULS
07/21/2030
 
TOP OF THE 1ST
West Virginia Power batting - Pitching for Salem Silver Souls : RHP Roberto Deleón
Pitching: RHP Roberto Deleón
Batting: RHB Matt Tucker 0-0: Ball
1-0: Foul Ball, location: 2F
1-1: Fly out, F9 (Flyball, 9LMF)
Batting: RHB Luis Montoya 0-0: Foul Ball, location: 2F
0-1: Ball
1-1: Foul Ball, location: 2F
1-2: Ball
2-2: Fly out, F3 (Popup, 3SF)
Batting: RHB Iván Romero 0-0: Ball
1-0: Called Strike
1-1: Ball
2-1: Foul Ball, location: 2F
2-2: Strikes out swinging
Top of the 1st over - 0 runs, 0 hits, 0 errors, 0 left on base; West Virginia 0 - Salem 0
BOTTOM OF THE 1ST
Salem Silver Souls batting - Pitching for West Virginia Power : LHP Joe Jewell
Pitching: LHP Joe Jewell
Batting: RHB Pedro Rivera 0-0: Called Strike
0-1: Ball
1-1: SINGLE (Groundball, 56D)
Batting: RHB Júlio Rodríguez 0-0: Ball
1-0: Called Strike
1-1: Fly out, F7 (Flyball, 7)
Batting: RHB Carlos Sánchez 0-0: Ball
1-0: Called Strike
1-1: Ball
2-1: Foul Ball, location: 2F
2-2: Ball
3-2: Base on Balls
Pedro Rivera to second
Batting: RHB Chris Hall 0-0: Called Strike
Pedro Rivera steals 3rd base
0-1: Foul Ball, location: 2F
0-2: Foul Ball, location: 2F
0-2: Ball
Carlos Sánchez is caught stealing 2nd base
1-2: Ball
2-2: 2-RUN HOME RUN (Flyball, 9LD), Distance : 348 ft
Batting: RHB Gilberto León 0-0: Ball
1-0: Ground out 5-3 (Groundball, 56S)
Bottom of the 1st over - 2 runs, 2 hits, 0 errors, 0 left on base; West Virginia 0 - Salem 2
TOP OF THE 2ND
West Virginia Power batting - Pitching for Salem Silver Souls : RHP Roberto Deleón
Batting: RHB Millard Walker 0-0: Ball
1-0: Ball
2-0: Ball
3-0: Called Strike
3-1: Fly out, F6 (Line Drive, 6)
Batting: SHB Patrizio Batistuta 0-0: Ball
1-0: Foul Ball, location: 2F
1-1: Swinging Strike
1-2: Strikes out swinging
Batting: LHB Wilson Turner 0-0: Called Strike
0-1: SINGLE (Groundball, 34S) (infield hit)
Batting: RHB Joaquín Vásquez 0-0: Ball
1-0: Foul Ball, location: 2F
1-1: Swinging Strike
1-2: Ball
Wilson Turner steals 2nd base
2-2: Strikes out looking
Top of the 2nd over - 0 runs, 1 hit, 0 errors, 1 left on base; West Virginia 0 - Salem 2
BOTTOM OF THE 2ND
Salem Silver Souls batting - Pitching for West Virginia Power : LHP Joe Jewell
Batting: RHB Michael Fisher 0-0: Ball
1-0: Ball
2-0: Ball
3-0: Base on Balls
Batting: SHB Dale Winters 0-0: Ball
1-0: SINGLE (Groundball, 6MD)
Michael Fisher to second
Batting: RHB Joe Brinkman 0-0: Ball
1-0: SINGLE (Line Drive, 6MD)
Michael Fisher to third
Dale Winters to second
Runner from 3rd tries for Home, SAFE, no throw
Batting: RHB Juan Becerra 0-0: Swinging Strike
0-1: Foul Ball, location: 2F
0-2: Ball
1-2: Ball
2-2: Foul Ball, location: 2F
2-2: Strikes out swinging
Batting: RHB Pedro Rivera 0-0: Ball
1-0: Fly out, F8 (Flyball, 8RD)
Batting: RHB Júlio Rodríguez 0-0: Ball
1-0: Called Strike
1-1: Ball
2-1: Called Strike
2-2: Strikes out swinging
Bottom of the 2nd over - 1 run, 2 hits, 0 errors, 2 left on base; West Virginia 0 - Salem 3
TOP OF THE 3RD
West Virginia Power batting - Pitching for Salem Silver Souls : RHP Roberto Deleón
Batting: RHB Will Stafford 0-0: Foul Ball, location: 2F
0-1: Ball
1-1: SINGLE (Groundball, 56S) (infield hit)
Batting: RHB Luis Árias 0-0: Called Strike
0-1: Ball
1-1: Swinging Strike
1-2: Foul Ball, location: 2F
1-2: 2-RUN HOME RUN (Flyball, 7LD), Distance : 349 ft
Batting: RHB Matt Tucker 0-0: Ball
1-0: Ball
2-0: Called Strike
2-1: Fly out, F4 (Line Drive, 4M)
Batting: RHB Luis Montoya 0-0: Called Strike
0-1: SINGLE (Line Drive, 34D)
Batting: RHB Iván Romero 0-0: Called Strike
0-1: Swinging Strike
0-2: DOUBLE (Line Drive, 7LD)
Luis Montoya to third
Luis Montoya scores
Batting: RHB Millard Walker 0-0: Ball
1-0: Called Strike
1-1: Ball
2-1: Foul Ball, location: 2F
2-2: Foul Ball, location: 2F
2-2: Strikes out swinging
Batting: SHB Patrizio Batistuta 0-0: Foul Ball, location: 2F
0-1: Called Strike
0-2: Ball
1-2: Ball
2-2: Ball
3-2: Base on Balls
Batting: LHB Wilson Turner 0-0: Ball
1-0: Ball
2-0: Swinging Strike
2-1: Fly out, F5 (Line Drive, 5S)
Top of the 3rd over - 3 runs, 4 hits, 0 errors, 2 left on base; West Virginia 3 - Salem 3
BOTTOM OF THE 3RD
Salem Silver Souls batting - Pitching for West Virginia Power : LHP Joe Jewell
Batting: RHB Carlos Sánchez 0-0: Ball
1-0: SINGLE (Line Drive, 8LS)
Batting: RHB Chris Hall 0-0: Ball
1-0: Grounds into double play, 5-4-3 (Groundball, 56)
Batting: RHB Gilberto León 0-0: Ball
1-0: Ball
2-0: Swinging Strike
2-1: DOUBLE (Line Drive, 9LM)
Batting: RHB Michael Fisher 0-0: Fly out, F9 (Flyball, 89S)
Bottom of the 3rd over - 0 runs, 2 hits, 0 errors, 1 left on base; West Virginia 3 - Salem 3
TOP OF THE 4TH
West Virginia Power batting - Pitching for Salem Silver Souls : RHP Roberto Deleón
Batting: RHB Joaquín Vásquez 0-0: Fly out, F6 (Popup, 4M)
Batting: RHB Will Stafford 0-0: Swinging Strike
0-1: Fly out, F8 (Flyball, 8LM)
Batting: RHB Luis Árias 0-0: Called Strike
0-1: Ground out 6-3 (Groundball, 6S)
Top of the 4th over - 0 runs, 0 hits, 0 errors, 0 left on base; West Virginia 3 - Salem 3
BOTTOM OF THE 4TH
Salem Silver Souls batting - Pitching for West Virginia Power : LHP Joe Jewell
Batting: SHB Dale Winters 0-0: Ground out 6-3 (Groundball, 6)
Batting: RHB Joe Brinkman 0-0: Ball
1-0: Called Strike
1-1: Ball
2-1: Fly out, F8 (Flyball, 8LD)
Batting: RHB Juan Becerra 0-0: Ball
1-0: Ball
2-0: Ball
3-0: Called Strike
3-1: Base on Balls
Batting: RHB Pedro Rivera 0-0: Called Strike
0-1: Foul Ball, location: 2F
0-2: Fly out, F8 (Flyball, 8LS)
Bottom of the 4th over - 0 runs, 0 hits, 0 errors, 1 left on base; West Virginia 3 - Salem 3
TOP OF THE 5TH
West Virginia Power batting - Pitching for Salem Silver Souls : RHP Roberto Deleón
Batting: RHB Matt Tucker 0-0: Bunted foul
0-1: Ball
1-1: Ground out 6-3 (Groundball, 6)
Batting: RHB Luis Montoya 0-0: Ball
1-0: DOUBLE (Line Drive, 78D)
Batting: RHB Iván Romero 0-0: Ball
Wild Pitch!
Luis Montoya to third
1-0: Foul Ball, location: 2F
1-1: Ball
2-1: Ground out 6-3 (Groundball, 6)
Batting: RHB Millard Walker 0-0: Called Strike
0-1: Foul Ball, location: 2F
0-2: Strikes out swinging
Top of the 5th over - 0 runs, 1 hit, 0 errors, 1 left on base; West Virginia 3 - Salem 3
BOTTOM OF THE 5TH
Salem Silver Souls batting - Pitching for West Virginia Power : LHP Joe Jewell
Batting: RHB Júlio Rodríguez 0-0: Called Strike
0-1: Ball
1-1: Ball
2-1: Called Strike
2-2: Foul Ball, location: 2F
2-2: Fly out, F7 (Flyball, 78D)
Batting: RHB Carlos Sánchez 0-0: Ball
1-0: SINGLE (Groundball, 56D)
Batting: RHB Chris Hall 0-0: Foul Ball, location: 2F
0-1: Ball
1-1: Ball
Wild Pitch!
Carlos Sánchez to second
2-1: Ground out 5-3 (Groundball, 5L)
Batting: RHB Gilberto León 0-0: Ball
1-0: Ball
2-0: Fly out, F8 (Flyball, 8LXD)
Bottom of the 5th over - 0 runs, 1 hit, 0 errors, 1 left on base; West Virginia 3 - Salem 3
TOP OF THE 6TH
West Virginia Power batting - Pitching for Salem Silver Souls : RHP Roberto Deleón
Batting: SHB Patrizio Batistuta 0-0: Fly out, F3 (Popup, 23F)
Batting: LHB Wilson Turner 0-0: Ball
1-0: Foul Ball, location: 2F
1-1: Foul Ball, location: 2F
1-2: Foul Ball, location: 2F
1-2: Ground out 6-3 (Groundball, 6)
Batting: RHB Joaquín Vásquez 0-0: Swinging Strike
0-1: Foul Ball, location: 2F
0-2: Ball
1-2: Strikes out swinging
Top of the 6th over - 0 runs, 0 hits, 0 errors, 0 left on base; West Virginia 3 - Salem 3
BOTTOM OF THE 6TH
Salem Silver Souls batting - Pitching for West Virginia Power : LHP Joe Jewell
Batting: RHB Michael Fisher 0-0: Ball
1-0: Swinging Strike
1-1: Swinging Strike
1-2: Ball
2-2: Ball
3-2: Base on Balls
Batting: SHB Dale Winters 0-0: Ball
1-0: Called Strike
1-1: Foul Ball, location: 2F
1-2: Ball
2-2: Fly out, F4 (Popup, 4MD)
Batting: RHB Joe Brinkman 0-0: Ball
1-0: SINGLE (Line Drive, 9LS)
Michael Fisher to second
Batting: RHB Juan Becerra 0-0: Called Strike
0-1: Ball
1-1: Ball
2-1: Ball
3-1: Base on Balls
Michael Fisher to third
Joe Brinkman to second
Batting: RHB Pedro Rivera 0-0: Called Strike
0-1: DOUBLE (Flyball, 89D)
Michael Fisher scores
Joe Brinkman scores
Juan Becerra to third
Runner from 3rd tries for Home, SAFE, no throw
Pitching: RHP James Waddell
Batting: RHB Júlio Rodríguez 0-0: DOUBLE (Groundball, 5L)
Pedro Rivera scores
Batting: RHB Carlos Sánchez 0-0: Intentional Walk
Batting: RHB Chris Hall 0-0: Called Strike
0-1: Ball
1-1: Ball
2-1: Ball
3-1: SINGLE (Groundball, 6S) (infield hit)
Júlio Rodríguez to third
Carlos Sánchez to second
Batting: RHB Gilberto León 0-0: Swinging Strike
0-1: Fly out, F9 (Flyball, 9S)
Runner from 3rd tags up, OUT at HOME
Bottom of the 6th over - 4 runs, 4 hits, 0 errors, 2 left on base; West Virginia 3 - Salem 7
TOP OF THE 7TH
West Virginia Power batting - Pitching for Salem Silver Souls : RHP Roberto Deleón
Batting: RHB Will Stafford 0-0: Called Strike
0-1: Ball
1-1: Foul Ball, location: 2F
1-2: Ball
2-2: Foul Ball, location: 2F
2-2: Ground out 6-3 (Groundball, 6)
Batting: RHB Luis Árias 0-0: Swinging Strike
0-1: Called Strike
0-2: Ball
1-2: Ball
2-2: Foul Ball, location: 2F
2-2: Ground out 6-3 (Groundball, 6)
Batting: RHB Matt Tucker 0-0: Called Strike
0-1: SINGLE (Groundball, 34) (infield hit)
Batting: RHB Luis Montoya 0-0: Ball
1-0: Fielders Choice at 2nd, 5-4 (Groundball, 56)
Top of the 7th over - 0 runs, 1 hit, 0 errors, 1 left on base; West Virginia 3 - Salem 7
BOTTOM OF THE 7TH
Salem Silver Souls batting - Pitching for West Virginia Power : RHP James Waddell
Batting: RHB Michael Fisher 0-0: Called Strike
0-1: Foul Ball, location: 2F
0-2: Foul Ball, location: 2F
0-2: Ball
1-2: Ground out 5-3 (Groundball, 56)
Batting: SHB Dale Winters 0-0: Swinging Strike
0-1: Ball
1-1: Swinging Strike
1-2: Ball
2-2: Strikes out looking
Batting: RHB Joe Brinkman 0-0: Called Strike
0-1: Ball
1-1: Swinging Strike
1-2: SINGLE (Groundball, 4MD)
Batting: RHB Juan Becerra 0-0: Ball
1-0: Called Strike
1-1: Called Strike
1-2: Strikes out swinging
Bottom of the 7th over - 0 runs, 1 hit, 0 errors, 1 left on base; West Virginia 3 - Salem 7
TOP OF THE 8TH
West Virginia Power batting - Pitching for Salem Silver Souls : RHP Roberto Deleón
Pitching: RHP Bartolo Rivera
Batting: RHB Iván Romero 0-0: Ball
1-0: Called Strike
1-1: Foul Ball, location: 2F
1-2: Ball
2-2: Strikes out looking
Batting: RHB Millard Walker 0-0: Ball
1-0: Swinging Strike
1-1: Ball
2-1: Foul Ball, location: 2F
2-2: Strikes out swinging
Batting: SHB Patrizio Batistuta 0-0: SOLO HOME RUN (Flyball, 89XD), Distance : 416 ft
Batting: LHB Wilson Turner 0-0: Ball
1-0: Ball
2-0: Foul Ball, location: 2F
2-1: Foul Ball, location: 2F
2-2: Strikes out swinging
Top of the 8th over - 1 run, 1 hit, 0 errors, 0 left on base; West Virginia 4 - Salem 7
BOTTOM OF THE 8TH
Salem Silver Souls batting - Pitching for West Virginia Power : RHP James Waddell
Batting: RHB Pedro Rivera 0-0: Swinging Strike
0-1: Ball
1-1: Ball
2-1: Ball
3-1: Fly out, F8 (Flyball, 8LD)
Batting: RHB Júlio Rodríguez 0-0: SINGLE (Flyball, 9LM)
Batting: RHB Carlos Sánchez 0-0: Ball
Júlio Rodríguez steals 2nd base
1-0: Intentional Walk
Batting: RHB Chris Hall 0-0: Ball
1-0: Foul Ball, location: 2F
1-1: Foul Ball, location: 2F
1-2: Ball
2-2: Strikes out swinging
Batting: RHB Gilberto León 0-0: Fielders Choice at 2nd, 6-4 (Groundball, 56)
Bottom of the 8th over - 0 runs, 1 hit, 0 errors, 2 left on base; West Virginia 4 - Salem 7
TOP OF THE 9TH
West Virginia Power batting - Pitching for Salem Silver Souls : RHP Bartolo Rivera
Batting: RHB Joaquín Vásquez 0-0: Foul Ball, location: 2F
0-1: SINGLE (Line Drive, 78S)
Batting: RHB Will Stafford 0-0: Ball
1-0: Ball
2-0: Ball
3-0: Base on Balls
Joaquín Vásquez to second
Batting: RHB Luis Árias 0-0: Called Strike
0-1: Swinging Strike
0-2: Ball
Wild Pitch!
Joaquín Vásquez to third
Will Stafford to second
1-2: Ball
2-2: Foul Ball, location: 2F
2-2: Strikes out looking
Batting: RHB Matt Tucker 0-0: SINGLE (Groundball, 6) (infield hit)
Joaquín Vásquez scores
Will Stafford to third
Batting: RHB Luis Montoya 0-0: Ball
1-0: Ball
2-0: Called Strike
2-1: Swinging Strike
2-2: Strikes out looking
Batting: RHB Iván Romero 0-0: Called Strike
0-1: Ball
1-1: Ball
2-1: Ball
3-1: Swinging Strike
3-2: Foul Ball, location: 2F
3-2: Strikes out swinging
Top of the 9th over - 1 run, 2 hits, 0 errors, 2 left on base; West Virginia 5 - Salem 7
Saturday, April 7th, 2018 - OOTP Baseball 18.8 Build 76